AoeStats
← hdf

Arabia

508490938Analyzed
1v1 RM · 10d ago on Sep 22, 2026· 68m 34s· 2 players
Game mode
Random Map
Map size
Tiny (2 player)
Population
200
Speed
Normal
Resources
Standard
Victory
Conquest
Starting age
Dark Age
Ending age
Imperial Age
RankedLock teamsTeams togetherTeam positionsShared explorationLock speedFull tech treeHidden civsTurbo modeCheats
Victory
Defeat
🇦🇷 Khmer · Argentina
908
+18
🇩🇪 Slavs · Germany
953
-18
hdf
11:22 Feudal Age
9:53 Loom
11:57 Double-Bit Axe
19:04 Horse Collar
25:48 Castle Age
24:28 Forging
25:38 Scale Barding Armor
25:48 Bloodlines
25:56 Light Cavalry
26:39 Husbandry
27:02 Bow Saw
26:55 Heavy Plow
28:33 Iron Casting
27:37 Light Cavalry
30:03 Chain Barding Armor
32:05 Wheelbarrow
31:18 Town Watch
37:46 Imperial Age
39:46 Blast Furnace
39:21 Plate Barding Armor
40:20 Hussar
44:12 Hand Cart
44:29 Crop Rotation
45:35 Plate Barding Armor
45:11 Fletching
45:23 Padded Archer Armor
47:19 Cavalier
48:18 Bodkin Arrow
49:51 Murder Holes
50:18 Ballistics
50:58 Chemistry
51:02 Block Printing
51:29 Cavalier
53:36 Cavalier
58:42 Conscription
64:49 Onager
ROMANRIQUELME
5:36 Loom
9:07 Feudal Age
14:16 Double-Bit Axe
22:21 Castle Age
20:39 Horse Collar
20:54 Gold Mining
27:24 Bow Saw
30:54 Imperial Age
28:37 Padded Archer Armor
28:29 Fletching
30:00 Gold Shaft Mining
30:01 Bodkin Arrow
30:53 Leather Archer Armor
31:48 Ballistics
33:07 Chemistry
32:53 Heavy Plow
33:49 Ring Archer Armor
33:22 Bracer
33:30 Pikeman
36:10 Crop Rotation
35:34 Stone Mining
35:24 Halberdier
38:27 Scale Mail Armor
38:38 Forging
43:07 Chain Mail Armor
43:28 Iron Casting
42:37 Cavalier
44:18 Conscription
46:41 Blast Furnace
48:42 Scale Barding Armor
50:49 Chain Barding Armor
50:30 Heavy Cavalry Archer
51:47 Parthian Tactics
61:06 Husbandry
61:17 Bloodlines
61:38 Arson
65:45 Light Cavalry
Connection lost

Rejoining the realm…

Still unreachable

The connection could not be restored.

Session expired

The server has moved on; the page needs a fresh start.